 Dungeon Crawl Stone Soup version 0.16-b1 (console) character file.

16 siepu the Grave Robber (level 2, 0/15 HPs)
             Began as a Kobold Necromancer on Mar 14, 2015.
             Slain by a bat (1 damage)
             ... on level 1 of the Dungeon.
             The game lasted 00:01:51 (597 turns).

siepu the Grave Robber (Kobold Necromancer)          Turns: 597, Time: 00:01:51

Health: 0/15       AC:  2    Str:  6    XL:     2   Next: 75%
Magic:  2/5        EV: 15    Int: 13    God:
Gold:   17         SH:  0    Dex: 16    Spells: 1 memorised, 4 levels left

rFire  . . .     SeeInvis .     g - +0 short sword
rCold  . . .     Clarity  .     a - +0 robe
rNeg   . . .     SustAb   .     (no shield)
rPois  .         Gourm    .     (no helmet)
rElec  .         Spirit   .     (no cloak)
rCorr  .         Warding  .     (no gloves)
rMut   .         Stasis   .     (no boots)
MR     .....                    (no amulet)
Stlth  ++........               (no ring)
                                (no ring)

@: not resistant to hostile enchantments, unstealthy
A: carnivore 3
a: no special abilities


You were on level 1 of the Dungeon.
You were not hungry.

You visited 1 branch of the dungeon, and saw 1 of its levels.

You collected 17 gold pieces.


Innate Abilities, Weirdness & Mutations

You are small and have problems with some larger weapons.
You are carnivorous and can eat meat at any time.


   Skills:
 - Level 2.4 Dodging
 - Level 2.6 Stealth
 + Level 2.4 Spellcasting
 + Level 4.3 Necromancy


You had 4 spell levels left.
You knew the following spells:

 Your Spells              Type           Power        Failure   Level  Hunger
a - Pain                  Necr           ##..         6%          1    #......

Inventory:

Hand weapons
 g - a +0 short sword (weapon)
Armour
 a - a +0 robe (worn)
Scrolls
 d - a scroll of enchant weapon {!r, unknown}
 e - a scroll of remove curse {!r, unknown}
 h - a scroll of teleportation {!r, unknown}
Books
 b - a book of Necromancy

   Spells                             Type                      Level
   a - Pain                           Necromancy                   1
   b - Animate Skeleton               Necromancy                   1
   c - Vampiric Draining              Necromancy                   3
   d - Regeneration                   Charms/Necromancy            3
   e - Animate Dead                   Necromancy                   4
   f - Control Undead                 Necromancy                   4
Comestibles
 c - a meat ration {!e}
 f - 6 chunks of flesh {!e}


Message History

You hit the giant cockroach.
The giant cockroach is heavily wounded.
The giant cockroach misses you.
You hit the giant cockroach.
You kill the giant cockroach!
You see here a giant cockroach corpse.
You butcher the giant cockroach corpse.
f - 5 chunks of flesh {!e} (gained 1)
A bat comes into view.
The bat moves out of view.
Found a scroll labeled CAICUJEFESCH.
Unknown command.
A rat comes into view.
Found a dagger.
A jackal comes into view.
The rat closely misses you.
You hit the rat.
The rat is heavily wounded.
The rat barely misses you.
You hit the rat.
The rat is severely wounded.
The rat closely misses you.
You barely miss the rat.
The rat is severely wounded.
The rat misses you.
You barely miss the jackal. The jackal misses you.
The rat completely misses you. The jackal bites you.
You closely miss the rat.
The rat is severely wounded.
The rat closely misses you. The jackal closely misses you.
You closely miss the rat.
The rat is severely wounded.
The jackal completely misses you. The rat closely misses you.
The jackal bites you. The rat bites you.
You barely miss the rat.
The rat is severely wounded.
The jackal closely misses you. The rat bites you but does no damage.
You hit the rat.
You kill the rat!
The jackal misses you. x2
The jackal completely misses you.
You see here a rat corpse.
The jackal barely misses you. x2
Casting: Pain
Confirm with . or Enter, or press ? or * to list all spells.
Aiming: Pain
Press: ? - help, Shift-Dir - straight line, f - jackal
Aim: a jackal (chance 82%)
The jackal convulses in agony!
The jackal barely misses you.
Casting: Pain
Confirm with . or Enter, or press ? or * to list all spells.
Aiming: Pain
Press: ? - help, Shift-Dir - straight line, f/p - jackal
Aim: a jackal (heavily wounded, chance 82%)
The jackal convulses in agony!
You kill the jackal!
You see here a dagger.
You see here a rat corpse.
You butcher the rat corpse.
f - 6 chunks of flesh {!e} (gained 1)
A jackal comes into view.
You see here a scroll labeled CAICUJEFESCH {!r}.
h - a scroll labeled CAICUJEFESCH {!r} A hobgoblin comes into view.
It is wielding a club.
The jackal barks!
Casting: Pain
Confirm with . or Enter, or press ? or * to list all spells.
Aiming: Pain
Press: ? - help, Shift-Dir - straight line, f - jackal
Aim: a jackal (chance 82%)
The jackal barely resists.
The hobgoblin shouts!
Casting: Pain
Confirm with . or Enter, or press ? or * to list all spells.
Aiming: Pain
Press: ? - help, Shift-Dir - straight line, f/p - jackal
Aim: a jackal (chance 82%)
The jackal convulses in agony!
You hit the jackal.
The jackal is almost dead.
The jackal bites you.
* * * LOW HITPOINT WARNING * * *
The bat misses you.
You miss the jackal.
The jackal is almost dead.
The bat misses you. The jackal misses you. The jackal bites you.
* * * LOW HITPOINT WARNING * * *
Casting: Pain
Confirm with . or Enter, or press ? or * to list all spells.
Aiming: Pain
Press: ? - help, Shift-Dir - straight line, f/p - jackal
Aim: a jackal (almost dead, chance 82%)
The jackal convulses in agony!
You kill the jackal!
The bat barely misses you. The bat misses you. The bat misses you.
The bat hits you but does no damage. The bat hits you.
You die...

.......#.#........).....)...).#†.
.......#.#.....#####.####...####.
.......#.#.##.........#########.#
.......#.#.##.######..........#.#
######.#.#.##....................
#'#.#.########..............
....#.########.#'########.%.
....#..........#.# ##...
.....##....b@####..######...#
..... #......####....>.......
......##...g.....##..###.##...
..............)..'....... ##..
#####......##....###.## #..
#......####### #.≈ #......# #.[
####...... ##. #........ #..


You could see a hobgoblin and a bat.

Vanquished Creatures
  A giant cockroach (D:1)
  5 goblins (D:1)
  A hobgoblin (D:1)
  2 jackals (D:1)
  2 kobolds (D:1)
  3 rats (D:1)
14 creatures vanquished.

Notes
Turn   | Place    | Note
--------------------------------------------------------------
     0 | D:1      | siepu, the Kobold Necromancer, began the quest for the Orb.
     0 | D:1      | Reached XP level 1. HP: 10/10 MP: 3/3
   394 | D:1      | Reached XP level 2. HP: 12/15 MP: 2/4
   590 | D:1      | HP: 3/15 [jackal (1)]
   597 | D:1      | Slain by a bat

Vault maps used:
D:1:      dpeg_arrival_more_subterranean_lakeside_camping

Action                   || total
-------------------------++-------
Melee: Short sword       ||    27
 Cast: Pain              ||    18
